 Dungeon Crawl Stone Soup version 0.17-a0-1951-g62301d3 (webtiles) character file.

105 Ordine the Twirler (level 4, -5/37 HPs)
             Began as a Minotaur Gladiator on Oct 3, 2015.
             Slain by a gnoll
             ... wielding a +0 spear
              (7 damage)
             ... on level 3 of the Dungeon.
             The game lasted 00:07:31 (1768 turns).

Ordine the Twirler (Minotaur Gladiator)             Turns: 1768, Time: 00:07:32

Health: -5/37      AC: 12    Str: 19    XL:     4   Next: 53%
Magic:  3/3        EV:  8    Int: 10    God:
Gold:   78         SH:  3    Dex: 12    Spells: 0 memorised, 3 levels left

rFire  . . .     SeeInvis .     a - +1 quarterstaff
rCold  . . .     Clarity  .     f - +0 chain mail
rNeg   . . .     SustAt   .     (no shield)
rPois  .         Gourm    .     c - +1 hat
rElec  .         Spirit   .     (no cloak)
rCorr  .         Warding  .     (no gloves)
rMut   .         Stasis   .     (no boots)
MR     .....                    (no amulet)
Stlth  ..........               (no ring)
                                (no ring)

@: brilliant, drained, not resistant to hostile enchantments, extremely
unstealthy
A: retaliatory headbutt, horns 2, large bone plates 2, blurry vision 1
a: no special abilities


You were on level 3 of the Dungeon.
You were hungry.

You visited 1 branch of the dungeon, and saw 3 of its levels.

You collected 78 gold pieces.

Inventory:

Hand weapons
 a - a +1 quarterstaff (weapon)
Missiles
 d - 3 throwing nets (quivered)
Armour
 c - a +1 hat (worn)
 f - a +0 chain mail (worn)
Scrolls
 g - a scroll of remove curse
 h - a scroll of teleportation
Comestibles
 e - 3 bread rations
 j - 2 meat rations


   Skills:
 - Level 2.4(2.0) Fighting
 * Level 5.5(5.1) Staves
 - Level 2.0(1.6) Throwing
 + Level 1.6(1.3) Armour
 + Level 4.1(3.7) Dodging


You had 3 spell levels left.
You didn't know any spells.

Dungeon Overview and Level Annotations

Branches:
Dungeon (3/15)

Altars:


Innate Abilities, Weirdness & Mutations

You reflexively headbutt those who attack you in melee.
You have a pair of horns on your head.
You are mostly covered in large bone plates (AC +3, SH +3).
Scrolls take you a little longer to read.


Message History

You feel sick. You block the gnoll's attack.
The gnoll hits you but does no damage.
You sock the gnoll!
You kill the gnoll!
The gnoll hits you from afar with an enchanted halberd.
* * * LOW HITPOINT WARNING * * *
Drink which item? (? for menu, Esc to quit)
It was a potion of brilliance.
You feel clever all of a sudden. The gnoll barely misses you.
The gnoll hits you but does no damage.
Things that are here:
a spear; a gnoll corpse; a gnoll corpse You closely miss the gnoll.
You headbutt the gnoll.
The gnoll is moderately wounded.
You feel sick.
You are no longer poisoned.
The gnoll hits you with an enchanted halberd.
* * * LOW HITPOINT WARNING * * *
The gnoll hits you from afar with a spear!
You die...

#.. #.### #.#.. #.#.#
#.#.# #.#.# #####
###########.#.#######.
.....
......................
#####
#######@###.#.#######.
#g# #.#.# #......g#
#.#.# #.gg....# #.#.#
#.......# #.#)#
#######.# #.#.# #.#
#.#.# .# #.#
#.#.#######.#
############ #.#
#.#.......#


You could see 2 gnolls.

Vanquished Creatures
  2 gnolls (D:3)
  3 adders
  A worm (D:2)
  4 giant geckos
  An orc (D:3)
  5 bats
  3 giant cockroaches
  7 hobgoblins
  3 jackals (D:2)
  A quokka (D:2)
  3 ball pythons
  3 giant newts
  6 goblins
  3 kobolds
  11 rats
56 creatures vanquished.

Notes
Turn   | Place    | Note
--------------------------------------------------------------
     0 | D:1      | Ordine the Minotaur Gladiator began the quest for the Orb.
     0 | D:1      | Reached XP level 1. HP: 18/18 MP: 0/0
    80 | D:1      | Reached skill level 4 in Staves
   140 | D:1      | Reached XP level 2. HP: 25/25 MP: 1/1
   233 | D:1      | You fall through a shaft!
   933 | D:2      | Reached XP level 3. HP: 30/30 MP: 2/2
  1008 | D:2      | Reached skill level 1 in Armour
  1300 | D:2      | Reached skill level 5 in Staves
  1312 | D:2      | Gained mutation: Scrolls take you a little longer to read. [potion of mutation]
  1312 | D:2      | Gained mutation: You are partially covered in large bone plates (AC +2, SH +2). [potion of mutation]
  1312 | D:2      | Gained mutation: You are mostly covered in large bone plates (AC +3, SH +3). [potion of mutation]
  1425 | D:2      | Reached XP level 4. HP: 37/37 MP: 3/3
  1768 | D:3      | Slain by a gnoll

Vault maps used:
D:1:      dpeg_arrival_arbitrary_c
D:2:      first_bread
D:3:      ecumenical_altar_2, kennysheep_cluttered_room

Action                   |  1- 3 |  4- 6 || total
-------------------------+-------+-------++-------
Melee: Quarterstaff      |    95 |    19 ||   114
Throw: Throwing net      |     1 |       ||     1
  Use: Scroll            |     7 |       ||     7
       Potion            |     1 |     1 ||     2
 Stab: Sleeping          |     1 |       ||     1
  Eat: Chunk             |     1 |     1 ||     2
